NCAA
WEST VIRGINIA MOUNTAINEERS @ OREGON DUCKS
05/12/2024
 
TOP OF THE 1ST
West Virginia Mountaineers batting - Pitching for Oregon Ducks : RHP Nathan Walters
Pitching: RHP Nathan Walters
Batting: LHB John Stone 0-0: SINGLE (Line Drive, 56D)
Batting: RHB Vic Edwards 0-0: Ball
John Stone is caught stealing 2nd base
1-0: Ball
2-0: Called Strike
2-1: Foul Ball, location: 2F
2-2: Strikes out swinging
Batting: RHB Von Ford 0-0: Ball
1-0: SINGLE (Groundball, 34D)
Batting: RHB Bobby Armstrong 0-0: Fly out, F6 (Popup, 56)
Top of the 1st over - 0 run(s), 2 hit(s), 0 error(s), 1 left on base; West Virginia 0 - Oregon 0
BOTTOM OF THE 1ST
Oregon Ducks batting - Pitching for West Virginia Mountaineers : RHP Bill Richardson
Pitching: RHP Bill Richardson
Batting: RHB Mike Schenck 0-0: Ball
1-0: Called Strike
1-1: Foul Ball, location: 2F
1-2: Foul Ball, location: 2F
1-2: Fly out, F9 (Line Drive, 9M)
Batting: RHB Ricardo Salazar 0-0: Reached on error, E6 (Groundball, 6M)
Batting: RHB Tony Cabrera 0-0: Fly out, F9 (Flyball, 89S)
Batting: LHB José Hernández 0-0: Ball
1-0: Foul Ball, location: 2F
1-1: Swinging Strike
1-2: Ball
2-2: Ground out 1-3 (Groundball, 13)
Bottom of the 1st over - 0 run(s), 0 hit(s), 1 error(s), 1 left on base; West Virginia 0 - Oregon 0
TOP OF THE 2ND
West Virginia Mountaineers batting - Pitching for Oregon Ducks : RHP Nathan Walters
Batting: RHB Ramón Aranda 0-0: Called Strike
0-1: Foul Ball, location: 2F
0-2: Fly out, F4 (Line Drive, 4M)
Batting: RHB Cal Dorsey 0-0: Ball
1-0: TRIPLE (Line Drive, 8RM)
Batting: RHB Bernardo Enríquez 0-0: Swinging Strike
0-1: Swinging Strike
0-2: Strikes out looking
Batting: RHB Scott Mooney 0-0: Ball
1-0: Foul Ball, location: 2F
1-1: Swinging Strike
1-2: Strikes out looking
Top of the 2nd over - 0 run(s), 1 hit(s), 0 error(s), 1 left on base; West Virginia 0 - Oregon 0
BOTTOM OF THE 2ND
Oregon Ducks batting - Pitching for West Virginia Mountaineers : RHP Bill Richardson
Batting: LHB Jason Roberts 0-0: Ball
1-0: Ground out 3-1 (Groundball, 34)
Batting: LHB José Román 0-0: Ball
1-0: Ball
2-0: Ball
3-0: Base on Balls
Batting: RHB Jared Pass 0-0: Swinging Strike
0-1: Ball
1-1: Called Strike
1-2: Reached on error, E4 (Groundball, 4)
José Román to second
Batting: RHB Tom Cirilo 0-0: Called Strike
0-1: Called Strike
0-2: Strikes out looking
Batting: RHB Bob Levinson 0-0: Ground out 1-3 (Groundball, 25)
Bottom of the 2nd over - 0 run(s), 0 hit(s), 1 error(s), 2 left on base; West Virginia 0 - Oregon 0
TOP OF THE 3RD
West Virginia Mountaineers batting - Pitching for Oregon Ducks : RHP Nathan Walters
Batting: LHB Nick Gamble 0-0: Foul Ball, location: 2F
0-1: Ball
1-1: Called Strike
1-2: Ball
2-2: Foul Ball, location: 2F
2-2: Ball
3-2: SINGLE (Line Drive, 56)
Batting: LHB John Stone 0-0: Ground out 5-3 (Groundball, 5S)
Nick Gamble to second
Batting: RHB Vic Edwards 0-0: Called Strike
0-1: Foul Ball, location: 2F
0-2: Ground out 6-3 (Groundball, 6M)
Nick Gamble to third
Batting: RHB Von Ford 0-0: Ball
1-0: Called Strike
1-1: Ball
2-1: Ground out 4-3 (Groundball, 4)
Top of the 3rd over - 0 run(s), 1 hit(s), 0 error(s), 1 left on base; West Virginia 0 - Oregon 0
BOTTOM OF THE 3RD
Oregon Ducks batting - Pitching for West Virginia Mountaineers : RHP Bill Richardson
Batting: RHB Mike Schenck 0-0: Foul Ball, location: 2F
0-1: Foul Ball, location: 2F
0-2: Ball
1-2: Strikes out swinging
Batting: RHB Ricardo Salazar 0-0: Ball
1-0: Ball
2-0: Foul Ball, location: 2F
2-1: Foul Ball, location: 2F
2-2: Fly out, F7 (Flyball, 78M)
Batting: RHB Tony Cabrera 0-0: Fly out, F7 (Line Drive, 78M)
Bottom of the 3rd over - 0 run(s), 0 hit(s), 0 error(s), 0 left on base; West Virginia 0 - Oregon 0
TOP OF THE 4TH
West Virginia Mountaineers batting - Pitching for Oregon Ducks : RHP Nathan Walters
Batting: RHB Bobby Armstrong 0-0: Fly out, F8 (Flyball, 8LM)
Batting: RHB Ramón Aranda 0-0: Ball
1-0: Fly out, F9 (Flyball, 9M)
Batting: RHB Cal Dorsey 0-0: Ball
1-0: Ball
2-0: Foul Ball, location: 2F
2-1: Called Strike
2-2: Ground out 6-3 (Groundball, 6M)
Top of the 4th over - 0 run(s), 0 hit(s), 0 error(s), 0 left on base; West Virginia 0 - Oregon 0
BOTTOM OF THE 4TH
Oregon Ducks batting - Pitching for West Virginia Mountaineers : RHP Bill Richardson
Batting: LHB José Hernández 0-0: Called Strike
0-1: Ball
1-1: Ball
2-1: Ball
3-1: Base on Balls
Batting: LHB Jason Roberts 0-0: Ball
1-0: Foul Ball, location: 2F
1-1: Fielders Choice at 2nd, 3-6 (Groundball, 3)
Batting: LHB José Román 0-0: Fly out, F6 (Popup, 56)
Batting: RHB Jared Pass 0-0: Called Strike
0-1: Foul Ball, location: 2F
0-2: Ball
1-2: Ball
2-2: Foul Ball, location: 2F
2-2: SINGLE (Groundball, 6MD)
Jason Roberts to second
Runner from 2nd tries for 3rd, SAFE, no throw or cutoff
Batting: RHB Tom Cirilo 0-0: Ball
1-0: Foul Ball, location: 2F
1-1: Swinging Strike
1-2: Foul Ball, location: 2F
1-2: Ball
2-2: Foul Ball, location: 2F
2-2: Foul Ball, location: 2F
2-2: Ball
3-2: Foul Ball, location: 2F
3-2: Foul Ball, location: 2F
3-2: Base on Balls
Jared Pass to second
Batting: RHB Bob Levinson 0-0: Ball
1-0: Ball
2-0: Ball
3-0: Base on Balls
Jason Roberts scores
Jared Pass to third
Tom Cirilo to second
Batting: RHB Mike Schenck 0-0: Ball
1-0: Fly out, F9 (Flyball, 9M)
Bottom of the 4th over - 1 run(s), 1 hit(s), 0 error(s), 3 left on base; West Virginia 0 - Oregon 1
TOP OF THE 5TH
West Virginia Mountaineers batting - Pitching for Oregon Ducks : RHP Nathan Walters
Batting: RHB Bernardo Enríquez 0-0: Foul Ball, location: 2F
0-1: Foul Ball, location: 2F
0-2: Ball
1-2: Strikes out swinging
Batting: RHB Scott Mooney 0-0: Ball
1-0: Ball
2-0: Called Strike
2-1: Foul Ball, location: 2F
2-2: Foul Ball, location: 2F
2-2: Foul Ball, location: 2F
2-2: Ground out 5-3 (Groundball, 5S)
Batting: LHB Nick Gamble 0-0: Fly out, F6 (Line Drive, 6)
Top of the 5th over - 0 run(s), 0 hit(s), 0 error(s), 0 left on base; West Virginia 0 - Oregon 1
BOTTOM OF THE 5TH
Oregon Ducks batting - Pitching for West Virginia Mountaineers : RHP Bill Richardson
Batting: RHB Ricardo Salazar 0-0: Ball
1-0: Ball
2-0: Swinging Strike
2-1: Foul Ball, location: 2F
2-2: Ball
3-2: Fly out, F3 (Popup, 23F)
Batting: RHB Tony Cabrera 0-0: Ball
1-0: Foul Ball, location: 2F
1-1: Swinging Strike
1-2: Strikes out swinging
Batting: LHB José Hernández 0-0: Ball
1-0: Foul Ball, location: 2F
1-1: Ball
2-1: Foul Ball, location: 2F
2-2: Ball
3-2: Base on Balls
Pitching: RHP Jared Eaton
Batting: LHB Jason Roberts 0-0: Ball
1-0: Foul Ball, location: 2F
1-1: Ground out 3-1 (Groundball, 34)
Bottom of the 5th over - 0 run(s), 0 hit(s), 0 error(s), 1 left on base; West Virginia 0 - Oregon 1
TOP OF THE 6TH
West Virginia Mountaineers batting - Pitching for Oregon Ducks : RHP Nathan Walters
Batting: LHB John Stone 0-0: Called Strike
0-1: Ground out 1-3 (Groundball, 34S)
Batting: RHB Vic Edwards 0-0: Reached on Error, E6 (Popup, 4MD)
Batting: RHB Von Ford 0-0: Called Strike
Vic Edwards steals 2nd base
0-1: Ball
1-1: Ball
2-1: Fly out, F9 (Flyball, 9LD)
Runner from 2nd tags up, SAFE at 3rd, no throw
Batting: RHB Bobby Armstrong 0-0: SINGLE (Groundball, 2R) (infield hit)
Vic Edwards scores
Batting: RHB Ramón Aranda 0-0: Reached on error, E4 (Groundball, 13)
Bobby Armstrong to third
Batting: RHB Cal Dorsey 0-0: Called Strike
0-1: Ball
1-1: Called Strike
1-2: Foul Ball, location: 2F
1-2: Fly out, F9 (Flyball, 9S)
Top of the 6th over - 1 run(s), 1 hit(s), 2 error(s), 2 left on base; West Virginia 1 - Oregon 1
BOTTOM OF THE 6TH
Oregon Ducks batting - Pitching for West Virginia Mountaineers : RHP Jared Eaton
Batting: LHB José Román 0-0: Ball
1-0: Ball
2-0: Called Strike
2-1: Ground out 3-1 (Groundball, 34)
Batting: RHB Jared Pass 0-0: SINGLE (Line Drive, 8LS)
Batting: RHB Tom Cirilo 0-0: Ball
1-0: Ball
2-0: Swinging Strike
2-1: Foul Ball, location: 2F
2-2: Strikes out swinging
Batting: RHB Bob Levinson 0-0: SINGLE (Flyball, 89S)
Jared Pass to second
Runner from 2nd tries for 3rd, SAFE, throw made to third
Bob Levinson to second
Batting: RHB Mike Schenck 0-0: Fly out, F3 (Popup, 3F)
Bottom of the 6th over - 0 run(s), 2 hit(s), 0 error(s), 2 left on base; West Virginia 1 - Oregon 1
TOP OF THE 7TH
West Virginia Mountaineers batting - Pitching for Oregon Ducks : RHP Nathan Walters
Batting: RHB Bernardo Enríquez 0-0: Fly out, F8 (Line Drive, 8RD)
Batting: RHB Scott Mooney 0-0: Ball
1-0: Called Strike
1-1: Foul Ball, location: 2F
1-2: Strikes out swinging
Batting: LHB Nick Gamble 0-0: Called Strike
0-1: Called Strike
0-2: Ball
1-2: Fly out, F7 (Flyball, 78M)
Top of the 7th over - 0 run(s), 0 hit(s), 0 error(s), 0 left on base; West Virginia 1 - Oregon 1
BOTTOM OF THE 7TH
Oregon Ducks batting - Pitching for West Virginia Mountaineers : RHP Jared Eaton
Batting: RHB Ricardo Salazar 0-0: Called Strike
0-1: Ball
1-1: SINGLE (Groundball, 6)
Batting: RHB Tony Cabrera 0-0: Ground out 5-3 (Groundball, 56S)
Ricardo Salazar to second
Batting: LHB José Hernández 0-0: Intentional Walk
Batting: LHB Jason Roberts 0-0: Fly out, F8 (Flyball, 8LM)
Batting: LHB José Román 0-0: Ball
1-0: Called Strike
1-1: Foul Ball, location: 2F
1-2: Ball
2-2: Strikes out swinging
Bottom of the 7th over - 0 run(s), 1 hit(s), 0 error(s), 2 left on base; West Virginia 1 - Oregon 1
TOP OF THE 8TH
West Virginia Mountaineers batting - Pitching for Oregon Ducks : RHP Nathan Walters
Batting: LHB John Stone 0-0: Fly out, F8 (Flyball, 8RM)
Pitching: RHP Kirby Johnson
Batting: RHB Vic Edwards 0-0: Called Strike
0-1: Foul Ball, location: 2F
0-2: Ball
1-2: Ball
2-2: Foul Ball, location: 2F
2-2: Strikes out swinging
Batting: RHB Von Ford 0-0: Called Strike
0-1: Swinging Strike
0-2: Foul Ball, location: 2F
0-2: Foul Ball, location: 2F
0-2: Foul Ball, location: 2F
0-2: Strikes out looking
Top of the 8th over - 0 run(s), 0 hit(s), 0 error(s), 0 left on base; West Virginia 1 - Oregon 1
BOTTOM OF THE 8TH
Oregon Ducks batting - Pitching for West Virginia Mountaineers : RHP Jared Eaton
Pitching: RHP Donnie Jackson
Pinch Hitting: LHB Chris Hyde 0-0: Called Strike
0-1: Ball
1-1: Ball
2-1: Fly out, F8 (Flyball, 8RD)
Batting: RHB Tom Cirilo 0-0: Ball
1-0: Ball
2-0: Called Strike
2-1: Ground out 5-3 (Groundball, 5)
Batting: RHB Bob Levinson 0-0: Ball
1-0: Swinging Strike
1-1: TRIPLE (Flyball, 89M)
Batting: RHB Mike Schenck 0-0: Ball
1-0: Ball
2-0: Fly out, F9 (Flyball, 9S)
Bottom of the 8th over - 0 run(s), 1 hit(s), 0 error(s), 1 left on base; West Virginia 1 - Oregon 1
TOP OF THE 9TH
West Virginia Mountaineers batting - Pitching for Oregon Ducks : RHP Kirby Johnson
Pitching: RHP Edward Long
Now at 3B: Joey Boyd
Batting: RHB Bobby Armstrong 0-0: Ball
1-0: Ball
2-0: Called Strike
2-1: Foul Ball, location: 2F
2-2: Strikes out swinging
Batting: RHB Ramón Aranda 0-0: Foul Ball, location: 2F
0-1: Swinging Strike
0-2: Ball
1-2: Ball
2-2: Strikes out swinging
Batting: RHB Cal Dorsey 0-0: Called Strike
0-1: Swinging Strike
0-2: Ball
1-2: Ball
2-2: Strikes out looking
Top of the 9th over - 0 run(s), 0 hit(s), 0 error(s), 0 left on base; West Virginia 1 - Oregon 1
BOTTOM OF THE 9TH
Oregon Ducks batting - Pitching for West Virginia Mountaineers : RHP Donnie Jackson
Batting: RHB Ricardo Salazar 0-0: Called Strike
0-1: Ball
1-1: Ball
2-1: Fly out, F3 (Popup, 3F)
Batting: RHB Tony Cabrera 0-0: Foul Ball, location: 2F
0-1: Ball
1-1: Fly out, F9 (Flyball, 9LM)
Batting: LHB José Hernández 0-0: Ball
1-0: Called Strike
1-1: Swinging Strike
1-2: Foul Ball, location: 2F
1-2: SOLO HOME RUN (Flyball, 9D), Distance : 345 ft
This league is powered by Out of the Park Baseball, the baseball management simulation game for PC, Mac and Linux
Saturday, April 9th, 2016 - OOTP Baseball 16.8 Build 38